Map: Port Aleksander LE

Players

Lambo - Winner!

  • Race: Zerg Zerg
  • League: Grandmaster
  • Spawn Location: 5:00

IIIIIIIIIIII

  • Race: Protoss Protoss
  • League: Master
  • Spawn Location: 11:00

VOD

Have the link to the VOD?

Description

Time

  • Played on: Jan. 10, 2019, 10:34 a.m.
  • Length: 16:56
Show
View Real Time Build Order
Export as new Build Order

Lambo Zerg - Winner!

Build Orders: Hatch First, Brood Lord Corruptor, Muta Ling Bane 

Get SALT Encoding   

  12  0:00  Drone  
  13  0:12  Overlord  
  13  0:17  Drone  
  14  0:31  Drone x2  
  16  0:49  Hatchery  
  15  0:53  Drone  
  15  0:56  Drone  
  17  0:59  Drone  
  18  1:10  Extractor  
  17  1:15  Spawning Pool  
  17  1:18  Drone  
  17  1:22  Drone  
  18  1:29  Drone  
  19  1:40  Drone  
  20  1:51  Overlord  
  20  2:01  Drone  
  21  2:02  Queen x2, Zergling x2  
  26  2:12  Drone x2  
  26  2:14  Metabolic Boost  
  29  2:22  Drone  
  29  2:23  Drone  
  30  2:37  Hatchery  
  30  2:41  Zergling x2  
  30  2:45  Drone  
  30  2:47  Drone  
  30  2:49  Overlord  
  32  2:55  Drone  
  32  2:58  Queen  
  33  3:03  Drone  
  36  3:07  Drone  
  37  3:13  Drone  
  37  3:14  Drone x2  
  37  3:16  Drone x2  
  37  3:18  Overlord  
  41  3:20  Drone  
  41  3:25  Drone  
  43  3:31  Spore Crawler, Drone  
  43  3:36  Queen  
  43  3:38  Drone x2  
  47  3:44  Drone  
  47  3:47  Overlord  
  48  3:50  Drone x3  
  48  3:51  Queen  
  53  3:58  Spore Crawler  
  53  4:00  Drone x2  
  53  4:01  Spore Crawler  
  53  4:03  Overlord  
  53  4:06  Drone  
  53  4:07  Drone  
  53  4:08  Drone  
  56  4:11  Drone  
  56  4:14  Drone x2  
  59  4:17  Overlord  
  59  4:19  Spore Crawler  
  59  4:23  Drone x3  
  62  4:25  Overlord  
  62  4:29  Zergling x4  
  64  4:34  Zergling x6  
  67  4:43  Queen  
  69  4:46  Zergling x6  
  69  4:47  Zergling x2  
  69  4:48  Lair  
  73  4:54  Zergling x2  
  73  4:55  Overlord  
  73  4:59  Zergling x8  
  78  5:00  Zergling x2  
  78  5:05  Queen  
  76  5:10  Drone x6  
  80  5:15  Extractor  
  80  5:16  Extractor, Drone  
  80  5:17  Evolution Chamber  
  80  5:18  Drone  
  80  5:20  Drone x3  
  80  5:21  Drone  
  83  5:22  Baneling Nest  
  83  5:24  Drone  
  83  5:27  Drone  
  83  5:31  Drone  
  83  5:34  Drone  
  83  5:35  Extractor  
  81  5:36  Extractor  
  81  5:41  Drone  
  81  5:44  Extractor, Zerg Missile Weapons Level 1  
  81  5:45  Drone x4  
  81  5:49  Drone x2  
  86  5:52  Drone  
  86  5:55  Hatchery  
  86  5:56  Drone x2  
  87  6:00  Drone x2  
  88  6:04  Hydralisk Den  
  88  6:05  Spire  
  88  6:07  Baneling x2  
  86  6:19  Drone x3  
  86  6:21  Overlord  
  87  6:35  Hydralisk, Grooved Spines  
  87  6:36  Zergling x2  
  87  6:37  Overlord  
  87  6:38  Overlord  
  89  6:40  Overlord  
  89  6:43  Overlord  
  89  6:44  Centrifical Hooks  
  89  6:47  Drone x6  
  89  6:48  Overlord, Extractor, Drone  
  89  6:50  Extractor, Hydralisk  
  89  6:51  Overlord  
  89  6:52  Overlord  
  89  6:53  Overlord  
  96  7:00  Queen  
  96  7:01  Overlord  
  98  7:09  Overlord  
  98  7:14  Hatchery  
  98  7:15  Zergling x4  
  99  7:21  Mutalisk x7  
  112  7:23  Zergling x10  
  112  7:28  Drone x4  
  121  7:33  Hydralisk x2  
  125  7:38  Hydralisk x5  
  125  7:39  Overlord, Evolution Chamber  
  125  7:40  Zergling x2  
  134  7:44  Zerg Missile Weapons Level 2  
  134  7:45  Drone  
  134  7:46  Muscular Augments, Drone  
  134  7:47  Spore Crawler  
  135  7:57  Hydralisk, Pneumatized Carapace  
  135  7:58  Zergling x14  
  141  8:04  Hydralisk  
  146  8:07  Hydralisk x2  
  146  8:08  Hydralisk x2  
  146  8:09  Baneling  
  146  8:10  Baneling  
  146  8:12  Drone x2  
  156  8:15  Hydralisk x2  
  156  8:17  Hydralisk  
  162  8:22  Infestation Pit  
  162  8:26  Hydralisk x2  
  162  8:27  Hydralisk  
  161  8:31  Hydralisk, Zergling x2  
  161  8:32  Zergling x6  
  169  8:37  Hydralisk x2  
  169  8:38  Zergling x4  
  168  8:45  Hydralisk  
  168  8:46  Zergling x14  
  173  8:49  Overlord  
  173  8:50  Zergling x2  
  172  8:57  Baneling x7  
  172  8:58  Baneling x9  
  172  8:59  Zergling x2  
  172  9:00  Zerg Melee Weapons Level 1  
  173  9:03  Overlord  
  173  9:09  Hive  
  172  9:13  Overlord  
  172  9:14  Overlord  
  172  9:15  Hydralisk x2  
  176  9:17  Zergling x6  
  176  9:23  Hydralisk x3  
  185  9:36  Extractor x2, Drone x9  
  190  10:04  Queen  
  190  10:08  Overlord, Zergling x16  
  190  10:09  Overlord  
  190  10:10  Overlord  
  188  10:27  Zergling x32  
  178  10:36  Greater Spire  
  176  10:44  Overlord  
  176  10:48  Zerg Ground Armor Level 1  
  172  11:00  Corruptor x9  
  172  11:03  Zerg Melee Weapons Level 2  
  190  11:08  Pathogen Glands  
  190  11:13  Spore Crawler, Baneling  
  189  11:21  Hatchery  
  188  11:26  Queen  
  188  11:28  Spore Crawler  
  188  11:29  Overlord  
  188  11:30  Overlord  
  188  11:50  Spine Crawler, Adrenal Glands  
  188  11:51  Brood Lord x7  
  188  11:52  Brood Lord, Spine Crawler  
  196  11:54  Brood Lord  
  196  11:55  Extractor  
  196  11:57  Extractor  
  189  12:15  Drone x3  
  190  12:21  Zerg Flyer Weapons Level 1  
  190  12:22  Neural Parasite  
  188  12:23  Burrow  
  188  12:29  Spine Crawler  
  177  12:30  Spine Crawler x2  
  177  12:32  Drone x3  
  177  12:34  Spine Crawler, Infestor x10  
  177  12:36  Spine Crawler x2  
  195  12:37  Spine Crawler  
  195  12:41  Drone x6  
  198  12:49  Overseer  
  190  12:58  Overlord  
  190  12:59  Overlord  
  190  13:02  Infestor x2  
  190  13:03  Infestor x2  
  198  13:16  Spire  
  196  13:25  Infestor x3  
  200  13:34  Zerg Missile Weapons Level 3, Zerg Melee Weapons Level 3  
  200  13:39  Queen  
  200  13:43  Spore Crawler, Spine Crawler  
  200  13:46  Spine Crawler  
  200  13:47  Spine Crawler  
  196  13:49  Spine Crawler  
  195  14:06  Corruptor x2  
  198  14:19  Overseer x6  
  198  14:22  Zerg Flyer Armor Level 1  
  194  14:26  Spine Crawler  
  194  14:29  Spore Crawler  
  192  14:33  Zergling x2, Corruptor x3  
  199  14:50  Drone  
  200  15:00  Drone x4  
  200  15:23  Overseer  
  200  15:46  Corruptor x8  
  192  15:50  Corruptor  
  192  15:51  Corruptor x5  
  192  15:59  Corruptor x4  
  192  16:03  Overseer  
Show
View Real Time Build Order
Export as new Build Order

IIIIIIIIIIII Protoss 

Build Orders: 1 Gate Expand, Oracle Opening, Carriers, Chargelot Immortal 

Get SALT Encoding   

  12  0:01  Probe  
  13  0:13  Probe  
  14  0:19  Pylon  
  14  0:25  Probe  
  15  0:33  Probe  
  15  0:39  Gateway  
  15  0:41  Probe  
  16  0:49  Assimilator  
  17  0:52  Probe  
  19  1:04  Probe  
  19  1:16  Probe  
  20  1:26  Nexus  
  20  1:36  Cybernetics Core  
  21  1:42  Assimilator  
  21  1:43  Probe  
  21  1:54  Pylon  
  21  1:55  Probe  
  22  2:04  Adept  
  22  2:07  Probe  
  23  2:12  Warp Gate  
  25  2:20  Probe  
  26  2:24  Stargate  
  26  2:30  Adept, Probe  
  26  2:35  Probe  
  29  2:38  Probe  
  29  2:43  Probe  
  31  2:47  Probe  
  33  2:53  Probe  
  33  2:58  Probe  
  34  3:05  Oracle, Probe  
  36  3:10  Probe  
  39  3:18  Gateway  
  40  3:20  Probe  
  40  3:22  Probe  
  40  3:25  Gateway  
  41  3:30  Oracle  
  41  3:32  Pylon  
  41  3:33  Probe  
  42  3:34  Probe  
  43  3:44  Pylon  
  46  3:50  Probe x2  
  48  3:59  Oracle  
  48  4:02  Probe x2  
  53  4:15  Adept x2  
  57  4:19  Adept  
  57  4:21  Probe x2  
  61  4:28  Nexus  
  61  4:29  Pylon  
  61  4:35  Probe  
  62  4:41  Pylon  
  62  4:44  Assimilator x2  
  62  4:47  Probe  
  62  4:49  Adept x2  
  62  4:50  Probe  
  62  4:52  Stalker  
  71  5:00  Probe  
  71  5:02  Probe  
  61  5:12  Probe  
  60  5:14  Probe  
  60  5:16  Robotics Facility  
  60  5:17  Robotics Facility  
  60  5:20  Zealot x3  
  67  5:24  Probe  
  68  5:31  Probe  
  68  5:33  Shield Battery  
  69  5:36  Probe  
  69  5:40  Adept x3  
  69  5:42  Probe  
  77  5:43  Probe  
  77  5:49  Pylon  
  78  5:56  Probe  
  78  5:57  Probe x2  
  80  6:06  Probe x2, Immortal  
  80  6:07  Probe  
  80  6:08  Observer  
  88  6:14  Probe x2  
  88  6:15  Probe  
  88  6:17  Forge  
  90  6:19  Twilight Council  
  90  6:23  Assimilator  
  90  6:24  Probe x2  
  90  6:25  Assimilator  
  91  6:27  Pylon  
  93  6:38  Probe x3  
  93  6:39  Sentry x2  
  100  6:41  Pylon  
  100  6:42  Pylon  
  100  6:46  Sentry, Immortal  
  102  6:49  Pylon  
  102  6:50  Immortal  
  102  6:51  Protoss Ground Weapons Level 1, Pylon  
  110  7:02  Observer  
  110  7:08  Charge  
  110  7:11  Gateway  
  110  7:12  Gateway  
  110  7:13  Gateway  
  110  7:16  Templar Archives  
  118  7:31  Pylon  
  118  7:33  Pylon  
  118  7:39  Phoenix  
  118  7:45  Shield Battery  
  118  7:47  Photon Cannon  
  120  7:51  Stargate  
  120  7:55  High Templar x2, Photon Cannon  
  120  7:56  Phoenix  
  124  8:00  Archon  
  124  8:04  Warp Prism  
  120  8:06  Stalker x2  
  120  8:07  Stalker  
  120  8:08  Stalker  
  120  8:12  Shield Battery  
  128  8:20  Phoenix  
  130  8:27  Pylon  
  130  8:32  Zealot x3  
  130  8:33  Zealot x3  
  139  8:38  Phoenix x2  
  139  8:41  Protoss Ground Weapons Level 2  
  139  8:47  Psionic Storm  
  140  8:53  Zealot x4  
  140  8:54  Probe  
  149  9:07  Nexus  
  149  9:08  Pylon  
  149  9:11  Pylon  
  149  9:16  High Templar x3  
  149  9:17  High Templar  
  157  9:33  Immortal x2  
  157  9:35  Photon Cannon  
  157  9:36  Photon Cannon  
  157  9:38  Shield Battery  
  165  9:40  Shield Battery  
  165  9:42  Shield Battery  
  165  9:44  Photon Cannon  
  165  9:55  Probe x2  
  165  9:56  Probe, Assimilator  
  168  10:00  Assimilator  
  168  10:01  High Templar x2  
  168  10:04  Pylon  
  168  10:06  Pylon  
  172  10:11  Archon  
  172  10:16  Zealot x2  
  161  10:34  Zealot x2  
  161  10:35  Immortal x2  
  173  10:37  Phoenix  
  173  10:38  Phoenix  
  173  10:39  Zealot  
  173  10:40  Probe  
  173  10:41  Probe x2  
  180  10:44  Fleet Beacon  
  180  10:46  High Templar  
  180  10:47  High Templar  
  180  10:48  High Templar  
  186  11:01  Archon  
  186  11:05  Protoss Ground Weapons Level 3  
  186  11:09  Mothership  
  186  11:19  Stargate  
  186  11:21  Warp Prism  
  186  11:27  Photon Cannon  
  186  11:28  Photon Cannon  
  186  11:31  Photon Cannon  
  188  11:32  Photon Cannon  
  188  11:34  Photon Cannon  
  188  11:37  Shield Battery  
  188  11:38  Pylon  
  196  11:52  Nexus  
  196  11:56  Pylon  
  196  12:00  Pylon  
  194  12:14  High Templar x2  
  194  12:15  High Templar x2  
  196  12:33  Protoss Air Weapons Level 1  
  194  12:45  Carrier x3  
  178  13:04  Stargate  
  178  13:06  Zealot x6  
  178  13:09  Stargate  
  186  13:26  Observer  
  177  13:28  Photon Cannon  
  177  13:30  Photon Cannon  
  177  13:32  Photon Cannon  
  177  13:33  Zealot x3  
  177  13:34  Photon Cannon, Zealot x3  
  189  13:37  Shield Battery  
  189  13:38  Shield Battery  
  189  13:41  Shield Battery  
  189  13:42  Protoss Shields Level 1, Pylon  
  189  13:48  Carrier  
  189  13:51  Carrier x2  
  197  14:08  Carrier  
  197  14:10  Carrier  
  197  14:58  Void Ray x3  
  195  15:02  Void Ray  
  195  15:05  Void Ray  
  180  15:23  Assimilator  
  180  15:27  Assimilator  
  180  15:30  High Templar x4  
  188  15:38  Observer x2  
  188  15:40  Archon  
  190  15:42  Archon  
  190  15:46  Zealot  
  190  15:47  Zealot  
  189  15:50  Cybernetics Core  
  189  16:02  Cybernetics Core  
  189  16:11  High Templar x4  
  195  16:16  Observer x2  
  199  16:18  Archon x2  
Tags
 
Add a new tag
Caveats
  • Supply blocks, unpowered buildings, or Contaminate may cause inaccurate times.
  • Supply counts are checked every 10 seconds.